 Dungeon Crawl Stone Soup version 0.30-a0-1053-gbd8d5ba0ad (webtiles) character file.

Game seed: 17667059255105531119

126 jimonade the Grasshopper (level 5, -3/43 HPs)
             Began as a Gnoll Warper on Apr 11, 2023.
             Slain by Menkaure (11 damage)
             ... on level 4 of the Dungeon.
             The game lasted 00:08:46 (2911 turns).

jimonade the Grasshopper (Gnoll Warper)             Turns: 2911, Time: 00:08:47

Health: -3/43      AC:  5    Str: 13    XL:     5   Next: 10%
Magic:  12/12      EV: 12    Int: 15    God:
Gold:   116        SH:  0    Dex: 11    Spells: 10/14 levels left

rFire   + . .      SeeInvis .    b - +1 dagger (elec)
rCold   + . .      Faith    .    (no shield)
rNeg    + . .      Spirit   .    p - +0 leather armour
rPois   .          Reflect  .    o - +1 helmet {Int+3}
rElec   .          Rampage  .    y - scarf {rC+ rF+}
rCorr   .                        (no gloves)
Will    .....                    (no boots)
Stlth   +                        (no amulet)
HPRegen 0.27/turn                D - ring of positive energy
MPRegen 0.13/turn                (no ring)

@: no status effects
A: fangs 1, strong nose, distributed training
a: no special abilities


You were on level 4 of the Dungeon.
You visited 1 branch of the dungeon, and saw 4 of its levels.

You collected 116 gold pieces.

Inventory:

Hand Weapons
 a - a +2 dagger of venom
 b - a +1 dagger of electrocution (weapon)
 e - a +0 hand axe
 i - a +0 spear
 j - a +0 sling
 m - a +0 rapier
 u - a +0 quarterstaff
 v - a +0 rapier
Missiles
 d - 7 boomerangs of dispersal (quivered)
 f - 42 stones
 E - 2 poisoned darts
Armour
 l - a +0 robe of fire resistance
 o - a +1 helmet of intelligence (worn)
 p - a +0 leather armour (worn)
 y - a scarf of resistance (worn)
Jewellery
 D - a ring of positive energy (left hand)
Scrolls
 c - a scroll of blinking
 h - a scroll of poison {unknown}
 k - a scroll of brand weapon {unknown}
 x - a scroll of immolation {unknown}
 z - 2 scrolls of vulnerability {unknown}
 A - a scroll of identify {unknown}
Potions
 g - a potion of flight
 n - 2 potions of attraction {unknown}
 q - 2 potions of might {unknown}
 r - a potion of brilliance {unknown}
 s - 2 potions of curing
 t - 2 potions of haste {unknown}
 w - a potion of heal wounds {unknown}
 B - a potion of lignification {unknown}
 C - 3 potions of mutation {unknown}


   Skills:
 + Level 4.7 Fighting
 + Level 1.4 Short Blades
 + Level 1.4 Long Blades
 + Level 1.4 Axes
 + Level 1.4 Maces & Flails
 + Level 4.7 Polearms
 + Level 1.4 Staves
 + Level 1.4 Ranged Weapons
 + Level 2.9 Throwing
 + Level 2.9 Armour
 + Level 4.7 Dodging
 + Level 1.4 Stealth
 + Level 1.4 Shields
 + Level 1.4 Unarmed Combat
 + Level 5.2 Spellcasting
 + Level 1.1 Conjurations
 + Level 1.1 Hexes
 + Level 1.1 Summonings
 + Level 1.1 Necromancy
 + Level 5.5 Translocations
 + Level 1.1 Transmutations
 + Level 1.1 Fire Magic
 + Level 1.1 Ice Magic
 + Level 1.1 Air Magic
 + Level 1.1 Earth Magic
 + Level 1.1 Poison Magic
 + Level 1.6 Invocations
 + Level 1.4 Evocations


You had 10 spell levels left.
You knew the following spells:

 Your Spells              Type           Power      Damage    Failure   Level
a - Blink                 Tloc           40%        N/A       3%          2
b - Lesser Beckoning      Tloc           40%        N/A       3%          2

Your spell library contained the following spells:

 Spells                   Type           Power      Damage    Failure   Level
 Teleport Other           Tloc           20%        N/A       6%          3
 Portal Projectile        Hex/Tloc       26%        N/A       16%         3
 Vhi's Electric Charge    Tloc/Air       26%        N/A       16%         3
 Sublimation of Blood     Necr           7%         N/A       19%         2
 Wereblood                Tmut           7%         N/A       19%         2
 Manifold Assault         Tloc           20%        N/A       21%         4
 Call Canine Familiar     Summ           7%         N/A       36%         3
 Anguish                  Hex/Necr       3%         N/A       77%         4
 Leda's Liquefaction      Hex/Erth       3%         N/A       77%         4
 Enfeeble                 Hex            3%         N/A       100%        7
 Summon Hydra             Summ           3%         N/A       100%        7


Dungeon Overview and Level Annotations

Branches:
Dungeon (4/15)
 Temple: D:4-7

Altars:
Yredelemnul

Annotations:
D:2 1 runed translucent door, Crazy Yiuf
D:3 1 runed translucent door
D:4 Dowan, Duvessa, Menkaure


Innate Abilities, Weirdness & Mutations

You have very sharp teeth.
Your uncanny sense of smell can sniff out nearby items.
Your experience applies equally to all skills.


Message History

You hit the orc.
The orc is poisoned.
Your bite misses the orc.
The orc is severely wounded.
The orc hits you with a +0 trident.
You completely miss the orc.
The orc is severely wounded.
The orc misses you.
You hit the orc.
The orc looks as sick as possible!
The orc is severely wounded.
You kill the orc!
There is a stone staircase leading up here.
You climb upwards.
Level annotation: 1 runed translucent door
There is a stone staircase leading down here.
You start resting.
HP restored.
Your +2 dagger of venom stops dripping with poison.
You hear the crackle of electricity.
b - a +1 dagger of electrocution (weapon)
You climb downwards.
Level annotation: Dowan, Duvessa, Menkaure The endoplasm quivers.
There is a stone staircase leading up here.
You hit Menkaure but do no damage. Your punch misses Menkaure.
You bite Menkaure.
Menkaure is lightly damaged.
Menkaure calls on the powers of darkness!
Your body is wracked with pain!
You hit Menkaure but do no damage.
Menkaure is lightly damaged.
You hit Menkaure. You punch Menkaure, but do no damage.
Menkaure is lightly damaged.
Menkaure hits you.
You hit Menkaure but do no damage.
Menkaure is lightly damaged.
Menkaure hits you!
* * * LOW HITPOINT WARNING * * *
You hit Menkaure but do no damage. Lightning courses through Menkaure!
Menkaure is severely damaged.
Menkaure hits you!
You die...

########
..#...#+###
###.#.......#
#...#.......#
#.#...J.....#
#...<@M.....#
#######)....#
.o..........+
M######.....#
#.....#
#######


You could see Menkaure and an endoplasm.

Vanquished Creatures
  Robin (D:1)
  4 adders
  A worm (D:3)
  A dart slug (D:1)
  2 orcs
  7 endoplasms
  9 hobgoblins
  3 jackals (D:1)
  7 kobolds
  6 quokkas
  5 ball pythons
  6 bats
  2 frilled lizards
  9 goblins (D:1)
  A kobold skeleton (D:3)
  3 rats (D:1)
67 creatures vanquished.

Vanquished Creatures (others)
  3 plants (D:1)
  5 toadstools (D:1)
8 creatures vanquished.

Grand Total: 75 creatures vanquished

Notes
Turn   | Place    | Note
-------+----------+-------------------------------------------
     0 | D:1      | jimonade the Gnoll Warper began the quest for the Orb.
     0 | D:1      | Reached XP level 1. HP: 20/20 MP: 6/6
   110 | D:1      | Reached XP level 2. HP: 26/26 MP: 7/7
   434 | D:1      | Reached skill level 5 in Spellcasting
   434 | D:1      | Reached XP level 3. HP: 30/31 MP: 7/9
   624 | D:1      | Reached skill level 1 in Invocations
  1204 | D:1      | Reached skill level 1 in Short Blades
  1204 | D:1      | Reached skill level 1 in Long Blades
  1204 | D:1      | Reached skill level 1 in Axes
  1204 | D:1      | Reached skill level 1 in Maces & Flails
  1204 | D:1      | Reached skill level 1 in Staves
  1204 | D:1      | Reached skill level 1 in Ranged Weapons
  1204 | D:1      | Reached skill level 1 in Stealth
  1204 | D:1      | Reached skill level 1 in Shields
  1204 | D:1      | Reached skill level 1 in Unarmed Combat
  1204 | D:1      | Reached skill level 1 in Evocations
  1385 | D:2      | Noticed Robin
  1613 | D:1      | Killed Robin
  1614 | D:1      | Reached XP level 4. HP: 34/38 MP: 11/11
  1849 | D:2      | Reached skill level 1 in Conjurations
  1849 | D:2      | Reached skill level 1 in Hexes
  1849 | D:2      | Reached skill level 1 in Summonings
  1849 | D:2      | Reached skill level 1 in Necromancy
  1849 | D:2      | Reached skill level 1 in Transmutations
  1849 | D:2      | Reached skill level 1 in Fire Magic
  1849 | D:2      | Reached skill level 1 in Ice Magic
  1849 | D:2      | Reached skill level 1 in Air Magic
  1849 | D:2      | Reached skill level 1 in Earth Magic
  1849 | D:2      | Reached skill level 1 in Poison Magic
  1877 | D:2      | Found a faded altar of an unknown god.
  1881 | D:2      | Learned a level 2 spell: Blink
  1884 | D:2      | Learned a level 2 spell: Lesser Beckoning
  2012 | D:2      | Found a runed translucent door.
  2013 | D:2      | Noticed Crazy Yiuf
  2323 | D:3      | Noticed a human
  2324 | D:3      | Found a runed translucent door.
  2358 | D:3      | Found a basalt altar of Yredelemnul.
  2533 | D:3      | Reached XP level 5. HP: 37/43 MP: 12/12
  2818 | D:4      | Noticed Duvessa
  2818 | D:4      | Noticed Dowan
  2863 | D:4      | Noticed Menkaure
  2911 | D:4      | Slain by Menkaure

Illustrated notes

Levels and vault maps discovered:
D:1:      ldierk_walled_garden, layout_basic, serial_forest,
          infiniplex_forest_lined_room_2, infiniplex_forest_end_3,
          infiniplex_forest_straight_2, infiniplex_forest_3_way,
          infiniplex_forest_clump_medium, infiniplex_forest_end_1,
          infiniplex_forest_clump_tiny
D:2:      layout_rooms, shapermc_ecumenical_altar_mp_vishouse,
          minmay_surrounded, uniq_robin, uniq_crazy_yiuf_cottage
D:3:      layout_rooms, dk_yredelemnul_ordeal, minmay_fractal_squares_5
D:4:      layout_basic, temple_statues, uniq_natasha, uniq_duvessa, uniq_ijyb,
          uniq_menkaure, uniq_grinder

Skill      XL: |  1  2  3  4 |
---------------+-------------+-----
Spellcasting   | 5 |  5.2
Invocations    | 1 |  1.6
Short Blades   | 1 |  1.4
Long Blades    | 1 |  1.4
Axes           | 1 |  1.4
Maces & Flails | 1 |  1.4
Staves         | 1 |  1.4
Ranged Weapons | 1 |  1.4
Stealth        | 1 |  1.4
Shields        | 1 |  1.4
Unarmed Combat | 1 |  1.4
Evocations     | 1 |  1.4
Conjurations   | 1 |  1.1
Hexes          | 1 |  1.1
Summonings     | 1 |  1.1
Necromancy     | 1 |  1.1
Transmutations | 1 |  1.1
Fire Magic     | 1 |  1.1
Ice Magic      | 1 |  1.1
Air Magic      | 1 |  1.1
Earth Magic    | 1 |  1.1
Poison Magic   | 1 |  1.1
Fighting       | |  4.7
Polearms       | |  4.7
Throwing       | |  2.9
Armour         | |  2.9
Dodging        | |  4.7
Translocations | |  5.5

Action                     |  1- 3 |  4- 6 || total
---------------------------+-------+-------++-------
  Melee: Spear             |    76 |       ||    76
         Bite              |    10 |    10 ||    20
         Dagger            |    62 |    93 ||   155
         Punch             |     1 |     3 ||     4
    Use: Potion            |     3 |       ||     3
   Stab: Sleeping          |     2 |       ||     2
 Armour: Leather armour    |    37 |    27 ||    64
  Dodge: Dodged            |    82 |    56 ||   138

Table legend: (Time is in decaauts)
 A = Elapsed time spent in this place.
 B = Non-inter-level travel time spent in this place.
 C = Inter-level travel time spent in this place.
 D = Time resting spent in this place.
 E = Time spent auto-exploring this place.
 F = Levels seen in this place.
 G = Mean time per level.
                   A        B        C        D        E       F      G
               +--------+--------+--------+--------+--------+-----+--------+
         Total |   2899 |   2731 |    168 |    335 |   1723 |   4 |  724.8 |
       Dungeon |   2899 |   2731 |    168 |    335 |   1723 |   4 |  724.8 |
               +--------+--------+--------+--------+--------+-----+--------+

Top non-repeatable levels by time:
     D:1: 1633 daAuts
     D:3: 692 daAuts
     D:2: 541 daAuts
     D:4: 31 daAuts
